[ AOE2 MATCH · #485192548 ]
Team RMMalians vs Huns
[ REPLAY ANALYSIS · EXTRACTED FROM THE RECORDED GAME ]
Feudal
13:15
Castle
19:25
Imperial
55:59
| APM avg | 28.4 |
| APM peak | 61 |
| eAPM avg | 20.4 |
| Villagers / military | 128 / 536 |
Focus
⚔️ 52.5% · 🌾 47.5%
Spearman ×212 · Scout Cavalry ×171 · Gbeto ×86 · Battering Ram ×17 · Scorpion ×14 · Trebuchet (Packed) ×12
Feudal
13:50
Castle
22:25
Imperial
45:04
| APM avg | 41.4 |
| APM peak | 87 |
| eAPM avg | 14.0 |
| Villagers / military | 204 / 579 |
Focus
⚔️ 41.4% · 🌾 58.6%
Scout Cavalry ×300 · Cavalry Archer ×94 · Skirmisher ×77 · Knight ×56 · Trebuchet (Packed) ×13 · Demolition Raft ×8
Feudal
14:05
Castle
25:15
Imperial
50:02
| APM avg | 35.7 |
| APM peak | 80 |
| eAPM avg | 22.3 |
| Villagers / military | 188 / 610 |
Focus
⚔️ 57.9% · 🌾 42.1%
Spearman ×266 · Skirmisher ×129 · Archer ×124 · Fishing Ship ×48 · Elephant Archer ×30 · Unknown (2626) ×26
Feudal
14:13
Castle
19:50
Imperial
61:25
| APM avg | 22.9 |
| APM peak | 48 |
| eAPM avg | 14.7 |
| Villagers / military | 238 / 622 |
Focus
⚔️ 32.9% · 🌾 67.1%
Scout Cavalry ×333 · Archer ×186 · Knight ×50 · War Elephant ×39 · Fishing Ship ×12 · Unknown (2626) ×7
Match map
Initial resources + every placement click. Lines = walls · curves = elevation contours. ◆ gold · ⬟ stone · ● berries · ✦ relic · ◌ wall gap
Your base· Open — 14t gap
hungrybeastanimal's base· Open — 7t gap
bohsainn's base· Open — unwalled flank
+elko4+ -on the road to 0MMR's base· Open — unwalled flank
Smoothed initial terrain · ◌ = detected wall gap · hover for details
Inputs per minute
— nazcas777 - - hungrybeastanimal
Build order — nazcas777
First 150 of 906 actions detected
| 0:09 | Build | House |
| 0:31 | Build | Town Center |
| 1:29 | Build | Dock |
| 2:37 | Research | Loom |
| 2:38 | Create | Villager (Male) |
| 2:38 | Create | Villager (Male) |
| 2:38 | Create | Villager (Male) |
| 2:39 | Create | Villager (Male) |
| 4:35 | Create | Villager (Male) |
| 5:15 | Create | Villager (Male) |
| 5:15 | Create | Villager (Male) |
| 5:52 | Create | Villager (Male) |
| 5:58 | Create | Villager (Male) |
| 5:58 | Create | Villager (Male) |
| 6:14 | Build | House |
| 6:57 | Create | Villager (Male) |
| 6:57 | Create | Villager (Male) |
| 6:57 | Create | Villager (Male) |
| 7:39 | Create | Fishing Ship |
| 7:55 | Create | Villager (Male) |
| 8:30 | Build | House |
| 8:33 | Create | Villager (Male) |
| 9:02 | Create | Villager (Male) |
| 9:03 | Create | Villager (Male) |
| 9:19 | Create | Villager (Male) |
| 10:13 | Build | Lumber Camp |
| 10:15 | Create | Villager (Male) |
| 10:32 | Build | Palisade Wall |
| 10:35 | Build | Palisade Wall |
| 10:44 | Research | Feudal Age |
| 11:05 | Build | Mill |
| 11:07 | Create | Villager (Male) |
| 11:12 | Build | House |
| 11:41 | Build | Palisade Wall |
| 11:50 | Build | House |
| 11:55 | Build | Palisade Wall |
| 11:59 | Build | Palisade Gate |
| 12:01 | Build | Palisade Wall |
| 12:16 | Create | Fishing Ship |
| 13:15 | Age | Feudal Age |
| 13:21 | Create | Villager (Male) |
| 13:21 | Create | Villager (Male) |
| 13:36 | Build | Mining Camp |
| 13:40 | Create | Villager (Male) |
| 13:40 | Create | Villager (Male) |
| 13:52 | Build | Market |
| 14:14 | Build | Palisade Wall |
| 14:24 | Build | Blacksmith |
| 14:40 | Create | Villager (Male) |
| 14:45 | Create | Fishing Ship |
| 14:59 | Build | Palisade Wall |
| 15:06 | Build | House |
| 15:07 | Build | House |
| 15:10 | Build | House |
| 15:42 | Build | Palisade Wall |
| 15:44 | Build | Palisade Gate |
| 15:49 | Build | House |
| 15:51 | Build | House |
| 16:32 | Build | Mining Camp |
| 16:45 | Research | Castle Age |
| 17:06 | Build | Barracks |
| 17:53 | Build | Palisade Wall |
| 17:54 | Build | Palisade Gate |
| 18:07 | Create | Villager (Male) |
| 18:08 | Create | Villager (Male) |
| 18:15 | Research | Forging |
| 18:27 | Create | Spearman |
| 18:49 | Create | Spearman |
| 18:49 | Create | Spearman |
| 19:24 | Research | Scale Mail Armor |
| 19:25 | Age | Castle Age |
| 19:51 | Create | Villager (Male) |
| 19:52 | Create | Villager (Male) |
| 19:56 | Create | Spearman |
| 20:20 | Build | Outpost |
| 20:22 | Create | Spearman |
| 20:22 | Create | Spearman |
| 20:35 | Create | Villager (Male) |
| 20:53 | Build | Castle |
| 20:58 | Create | Villager (Male) |
| 21:29 | Create | Villager (Male) |
| 22:01 | Create | Gbeto |
| 22:01 | Create | Gbeto |
| 22:02 | Create | Gbeto |
| 22:02 | Create | Gbeto |
| 22:11 | Build | Siege Workshop |
| 22:57 | Create | Gbeto |
| 23:04 | Create | Battering Ram |
| 23:06 | Create | Battering Ram |
| 23:27 | Build | Farm |
| 23:27 | Build | Farm |
| 23:32 | Build | Farm |
| 23:50 | Create | Gbeto |
| 23:59 | Create | Battering Ram |
| 24:05 | Build | Farm |
| 24:05 | Build | Farm |
| 24:05 | Build | Farm |
| 24:23 | Create | Battering Ram |
| 24:24 | Create | Gbeto |
| 24:32 | Build | Farm |
| 25:45 | Create | Spearman |
| 25:46 | Create | Spearman |
| 25:46 | Create | Spearman |
| 25:46 | Create | Spearman |
| 25:47 | Create | Spearman |
| 25:47 | Create | Spearman |
| 26:02 | Build | Town Center |
| 27:06 | Create | Spearman |
| 27:07 | Create | Spearman |
| 27:07 | Create | Spearman |
| 27:34 | Build | Farm |
| 27:34 | Build | Farm |
| 27:34 | Build | Farm |
| 27:35 | Build | Farm |
| 27:35 | Build | Farm |
| 27:36 | Create | Villager (Male) |
| 27:39 | Build | Farm |
| 27:39 | Build | Farm |
| 27:40 | Build | Farm |
| 27:40 | Build | Farm |
| 27:40 | Build | Farm |
| 27:40 | Build | Farm |
| 27:41 | Build | Farm |
| 27:42 | Create | Villager (Male) |
| 27:56 | Create | Gbeto |
| 27:57 | Create | Gbeto |
| 27:57 | Create | Gbeto |
| 28:37 | Create | Gbeto |
| 28:37 | Create | Gbeto |
| 29:17 | Create | Gbeto |
| 29:18 | Create | Gbeto |
| 29:18 | Create | Gbeto |
| 29:24 | Create | Villager (Male) |
| 29:25 | Create | Villager (Male) |
| 29:28 | Create | Villager (Male) |
| 29:28 | Create | Villager (Male) |
| 30:02 | Create | Scorpion |
| 30:08 | Create | Villager (Male) |
| 30:08 | Create | Villager (Male) |
| 30:09 | Create | Villager (Male) |
| 30:09 | Create | Villager (Male) |
| 30:09 | Create | Villager (Male) |
| 30:22 | Create | Scorpion |
| 30:27 | Create | Villager (Male) |
| 30:38 | Research | Double-Bit Axe |
| 30:46 | Create | Battering Ram |
| 30:59 | Create | Gbeto |
| 31:04 | Create | Spearman |
| 31:05 | Create | Spearman |
| 31:05 | Create | Spearman |
Build order — hungrybeastanimal
First 150 of 571 actions detected
| 0:19 | Build | Town Center |
| 2:31 | Create | Villager (Male) |
| 2:31 | Create | Villager (Male) |
| 2:31 | Create | Villager (Male) |
| 2:31 | Create | Villager (Male) |
| 2:32 | Create | Villager (Male) |
| 3:32 | Create | Villager (Male) |
| 3:48 | Research | Loom |
| 3:59 | Create | Villager (Male) |
| 3:59 | Create | Villager (Male) |
| 4:04 | Create | Villager (Male) |
| 4:39 | Create | Villager (Male) |
| 4:39 | Create | Villager (Male) |
| 6:12 | Build | Dock |
| 6:13 | Create | Villager (Male) |
| 6:13 | Create | Villager (Male) |
| 6:14 | Create | Villager (Male) |
| 6:16 | Create | Villager (Male) |
| 6:42 | Create | Villager (Male) |
| 6:42 | Create | Villager (Male) |
| 6:53 | Create | Villager (Male) |
| 7:11 | Create | Fishing Ship |
| 7:44 | Create | Villager (Male) |
| 7:44 | Create | Villager (Male) |
| 8:07 | Create | Villager (Male) |
| 8:07 | Create | Villager (Male) |
| 8:07 | Create | Villager (Male) |
| 8:16 | Create | Fishing Ship |
| 8:48 | Build | Mill |
| 8:54 | Create | Villager (Male) |
| 9:03 | Create | Fishing Ship |
| 9:21 | Create | Villager (Male) |
| 9:31 | Create | Villager (Male) |
| 9:31 | Create | Villager (Male) |
| 9:48 | Create | Fishing Ship |
| 10:11 | Create | Villager (Male) |
| 10:11 | Create | Villager (Male) |
| 10:50 | Create | Fishing Ship |
| 11:40 | Research | Feudal Age |
| 12:14 | Build | Mining Camp |
| 12:31 | Build | Lumber Camp |
| 12:41 | Build | Dock |
| 13:50 | Age | Feudal Age |
| 13:51 | Create | Demolition Raft |
| 13:52 | Create | Galley |
| 13:56 | Research | Double-Bit Axe |
| 13:57 | Create | Villager (Male) |
| 13:57 | Create | Villager (Male) |
| 14:23 | Create | Galley |
| 14:26 | Create | Fire Galley |
| 14:33 | Create | Fire Galley |
| 15:16 | Create | Fire Galley |
| 15:16 | Create | Fire Galley |
| 15:19 | Create | Villager (Male) |
| 15:20 | Create | Villager (Male) |
| 15:21 | Create | Villager (Male) |
| 15:31 | Create | Villager (Male) |
| 15:32 | Create | Villager (Male) |
| 15:38 | Build | Blacksmith |
| 15:48 | Create | Fire Galley |
| 15:51 | Create | Villager (Male) |
| 15:51 | Create | Villager (Male) |
| 16:21 | Create | Fire Galley |
| 17:19 | Create | Demolition Raft |
| 17:27 | Create | Villager (Male) |
| 17:29 | Create | Fire Galley |
| 17:42 | Create | Demolition Raft |
| 17:42 | Create | Demolition Raft |
| 18:00 | Create | Villager (Male) |
| 18:09 | Research | Horse Collar |
| 18:10 | Create | Villager (Male) |
| 18:36 | Create | Villager (Male) |
| 18:52 | Build | Barracks |
| 19:03 | Build | Blacksmith |
| 19:18 | Build | Archery Range |
| 19:21 | Create | Villager (Male) |
| 19:31 | Create | Demolition Raft |
| 19:33 | Create | Demolition Raft |
| 19:45 | Research | Castle Age |
| 19:53 | Build | Archery Range |
| 19:56 | Build | Archery Range |
| 20:00 | Build | Archery Range |
| 20:07 | Research | Fletching |
| 20:43 | Create | Demolition Raft |
| 20:46 | Create | Demolition Raft |
| 20:57 | Build | Archery Range |
| 21:19 | Build | Stable |
| 21:40 | Create | Fire Galley |
| 21:49 | Research | Bloodlines |
| 22:25 | Age | Castle Age |
| 22:26 | Create | Cavalry Archer ×5 |
| 22:31 | Create | Cavalry Archer |
| 22:52 | Research | Padded Archer Armor |
| 23:01 | Build | Farm |
| 23:03 | Build | Farm |
| 23:05 | Build | Farm |
| 23:14 | Build | Farm |
| 23:26 | Build | Farm |
| 23:53 | Create | Villager (Male) |
| 25:04 | Build | University |
| 25:47 | Build | Town Center |
| 25:51 | Research | Bodkin Arrow |
| 26:17 | Create | Cavalry Archer ×5 |
| 26:20 | Create | Villager (Male) |
| 27:11 | Research | Ballistics |
| 27:55 | Build | Farm |
| 27:59 | Build | Farm |
| 27:59 | Build | Farm |
| 28:00 | Build | Farm |
| 28:01 | Build | Farm |
| 28:03 | Build | Farm |
| 28:12 | Create | Villager (Male) |
| 28:12 | Create | Villager (Male) |
| 28:17 | Create | Villager (Male) |
| 28:33 | Create | Cavalry Archer ×4 |
| 28:58 | Research | Leather Archer Armor |
| 29:39 | Create | Villager (Male) |
| 29:39 | Create | Villager (Male) |
| 29:39 | Create | Villager (Male) |
| 29:56 | Create | Cavalry Archer ×5 |
| 30:09 | Build | Siege Workshop |
| 30:15 | Create | Villager (Male) |
| 30:15 | Create | Villager (Male) |
| 30:19 | Build | Farm |
| 30:23 | Create | Villager (Male) |
| 30:23 | Create | Villager (Male) |
| 30:57 | Create | Battering Ram |
| 31:05 | Research | Husbandry |
| 31:16 | Create | Cavalry Archer ×5 |
| 31:32 | Create | Mangonel |
| 31:56 | Create | Mangonel |
| 32:02 | Create | Villager (Male) |
| 32:03 | Create | Villager (Male) |
| 32:04 | Create | Villager (Male) |
| 32:04 | Create | Villager (Male) |
| 32:04 | Create | Villager (Male) |
| 32:22 | Create | Battering Ram |
| 32:29 | Create | Villager (Male) |
| 32:31 | Create | Villager (Male) |
| 32:38 | Research | Bow Saw |
| 32:55 | Create | Battering Ram |
| 33:12 | Create | Battering Ram |
| 33:46 | Create | Battering Ram |
| 33:52 | Create | Villager (Male) |
| 33:52 | Create | Villager (Male) |
| 33:52 | Create | Villager (Male) |
| 33:52 | Create | Villager (Male) |
| 33:52 | Create | Villager (Male) |
| 33:53 | Create | Villager (Male) |
| 34:00 | Build | Town Center |
Build order — bohsainn
First 150 of 1104 actions detected
| 0:39 | Build | Town Center |
| 0:55 | Build | Dock |
| 2:47 | Create | Villager (Male) |
| 2:48 | Create | Villager (Male) |
| 2:51 | Create | Villager (Male) |
| 2:52 | Create | Villager (Male) |
| 3:35 | Create | Villager (Male) |
| 4:00 | Create | Fishing Ship |
| 4:16 | Research | Loom |
| 4:50 | Build | House |
| 5:03 | Create | Villager (Male) |
| 5:14 | Create | Villager (Male) |
| 5:22 | Create | Villager (Male) |
| 6:11 | Create | Villager (Male) |
| 6:12 | Create | Villager (Male) |
| 6:12 | Create | Villager (Male) |
| 6:40 | Create | Villager (Male) |
| 6:53 | Create | Fishing Ship |
| 7:06 | Build | House |
| 8:21 | Build | Dock |
| 8:31 | Create | Villager (Male) |
| 8:48 | Create | Villager (Male) |
| 8:53 | Create | Villager (Male) |
| 9:04 | Create | Villager (Male) |
| 9:04 | Create | Villager (Male) |
| 9:05 | Create | Villager (Male) |
| 9:54 | Create | Fishing Ship |
| 9:54 | Create | Fishing Ship |
| 10:27 | Create | Villager (Male) |
| 10:27 | Create | Villager (Male) |
| 10:30 | Build | House |
| 10:31 | Create | Fishing Ship |
| 10:31 | Create | Fishing Ship |
| 11:05 | Create | Villager (Male) |
| 11:17 | Build | Lumber Camp |
| 11:40 | Build | House |
| 11:55 | Research | Feudal Age |
| 12:50 | Create | Fishing Ship |
| 12:50 | Create | Fishing Ship |
| 13:30 | Build | Dock |
| 14:05 | Age | Feudal Age |
| 14:09 | Create | Unit 2626 |
| 14:09 | Create | Unit 2626 |
| 14:09 | Create | Unit 2626 |
| 14:09 | Create | Unit 2626 |
| 14:14 | Research | Double-Bit Axe |
| 14:24 | Build | Blacksmith |
| 14:47 | Create | Fire Galley |
| 14:48 | Create | Galley |
| 14:49 | Create | Unit 2626 |
| 14:52 | Create | Villager (Male) |
| 14:52 | Create | Villager (Male) |
| 14:52 | Create | Villager (Male) |
| 14:59 | Build | House |
| 15:37 | Build | Barracks |
| 15:44 | Create | Galley |
| 15:49 | Research | Fletching |
| 15:50 | Research | Padded Archer Armor |
| 15:55 | Create | Villager (Male) |
| 15:55 | Create | Villager (Male) |
| 16:50 | Create | Unit 2626 |
| 16:51 | Create | Unit 2626 |
| 16:51 | Create | Unit 2626 |
| 17:34 | Create | Unit 2626 |
| 17:34 | Create | Unit 2626 |
| 17:35 | Create | Unit 2626 |
| 17:35 | Create | Unit 2626 |
| 17:42 | Build | House |
| 17:43 | Build | House |
| 18:44 | Build | Archery Range |
| 18:48 | Create | Villager (Male) |
| 18:48 | Create | Villager (Male) |
| 18:49 | Create | Villager (Male) |
| 18:56 | Create | Fishing Ship |
| 18:56 | Create | Fishing Ship |
| 18:57 | Create | Fishing Ship |
| 18:57 | Create | Fishing Ship |
| 19:02 | Build | House |
| 19:44 | Build | Lumber Camp |
| 19:47 | Create | Villager (Male) |
| 20:01 | Build | Dock |
| 20:12 | Create | Fishing Ship |
| 20:12 | Create | Fishing Ship |
| 21:39 | Create | Unit 2626 |
| 21:39 | Create | Unit 2626 |
| 21:40 | Create | Unit 2626 |
| 21:41 | Research | Tech 906 |
| 22:16 | Create | Unit 2626 |
| 22:16 | Create | Unit 2626 |
| 22:17 | Create | Unit 2626 |
| 22:35 | Research | Castle Age |
| 23:29 | Create | Unit 2626 |
| 23:41 | Build | Lumber Camp |
| 24:36 | Create | Unit 2626 |
| 24:48 | Create | Spearman |
| 24:48 | Create | Spearman |
| 24:49 | Create | Spearman |
| 24:49 | Create | Spearman |
| 25:15 | Age | Castle Age |
| 25:22 | Build | Town Center |
| 25:33 | Research | War Galley (upgrade) |
| 25:33 | Research | Gillnets |
| 25:42 | Research | Pikeman (upgrade) |
| 25:53 | Research | Bodkin Arrow |
| 26:53 | Build | Town Center |
| 27:27 | Create | Villager (Male) |
| 27:27 | Create | Villager (Male) |
| 27:27 | Create | Villager (Male) |
| 27:28 | Create | Villager (Male) |
| 28:04 | Create | Fishing Ship |
| 28:04 | Create | Fishing Ship |
| 28:04 | Create | Fishing Ship |
| 28:05 | Create | Fishing Ship |
| 28:16 | Build | Dock |
| 28:19 | Build | House |
| 28:20 | Build | House |
| 28:21 | Build | House |
| 28:22 | Create | Villager (Male) |
| 28:23 | Create | Villager (Male) |
| 28:23 | Create | Villager (Male) |
| 28:23 | Create | Villager (Male) |
| 29:07 | Create | Villager (Male) |
| 29:08 | Create | Villager (Male) |
| 29:08 | Create | Villager (Male) |
| 29:33 | Create | Unit 2626 |
| 29:33 | Create | Unit 2626 |
| 29:44 | Create | Unit 2626 |
| 29:44 | Create | Unit 2626 |
| 29:44 | Create | Unit 2626 |
| 29:44 | Create | Unit 2626 |
| 29:48 | Create | Villager (Male) |
| 29:49 | Create | Villager (Male) |
| 29:49 | Create | Villager (Male) |
| 29:51 | Create | Villager (Male) |
| 29:51 | Create | Villager (Male) |
| 29:51 | Create | Villager (Male) |
| 29:52 | Create | Villager (Male) |
| 30:03 | Build | Palisade Wall |
| 30:24 | Research | Wheelbarrow |
| 30:29 | Create | Villager (Male) |
| 30:33 | Build | House |
| 30:33 | Build | House |
| 30:43 | Build | Mining Camp |
| 31:14 | Build | House |
| 31:16 | Create | Villager (Male) |
| 31:16 | Create | Villager (Male) |
| 31:20 | Create | Villager (Male) |
| 31:20 | Create | Villager (Male) |
| 31:21 | Create | Villager (Male) |
| 31:29 | Build | House |
Build order — +elko4+ -on the road to 0MMR
First 150 of 611 actions detected
| 0:40 | Build | Dock |
| 1:10 | Build | Town Center |
| 1:26 | Build | House |
| 2:32 | Build | House |
| 3:23 | Create | Villager (Male) ×5 |
| 4:02 | Create | Fishing Ship |
| 4:22 | Create | Villager (Male) |
| 5:11 | Create | Villager (Male) |
| 5:31 | Create | Fishing Ship |
| 5:47 | Create | Villager (Male) |
| 5:59 | Research | Loom |
| 6:01 | Create | Villager (Male) |
| 6:27 | Create | Fishing Ship |
| 6:33 | Build | House |
| 6:46 | Create | Villager (Male) |
| 6:58 | Create | Fishing Ship |
| 7:21 | Create | Villager (Male) |
| 7:28 | Create | Fishing Ship |
| 7:49 | Create | Villager (Male) |
| 7:50 | Create | Villager (Male) |
| 7:55 | Build | House |
| 7:59 | Build | House |
| 8:19 | Create | Villager (Male) |
| 8:42 | Create | Villager (Male) |
| 8:51 | Create | Fishing Ship |
| 9:00 | Create | Villager (Male) |
| 9:34 | Create | Villager (Male) |
| 9:36 | Create | Fishing Ship |
| 9:40 | Create | Fishing Ship |
| 10:01 | Build | Mill |
| 10:05 | Create | Villager (Male) |
| 10:20 | Create | Villager (Male) |
| 10:35 | Build | House |
| 10:47 | Create | Villager (Male) |
| 10:52 | Build | House |
| 10:58 | Create | Fishing Ship |
| 11:00 | Create | Fishing Ship |
| 11:23 | Create | Fishing Ship |
| 11:24 | Create | Villager (Male) |
| 12:09 | Research | Feudal Age |
| 12:32 | Build | House |
| 12:37 | Build | House |
| 12:42 | Build | Barracks |
| 13:21 | Build | Lumber Camp |
| 13:34 | Create | Villager (Male) |
| 13:34 | Create | Villager (Male) |
| 14:13 | Age | Feudal Age |
| 14:26 | Build | Stable |
| 14:47 | Research | Double-Bit Axe |
| 14:52 | Create | Villager (Male) |
| 15:19 | Create | Villager (Male) |
| 15:25 | Create | Scout Cavalry |
| 15:36 | Build | Market |
| 15:47 | Create | Villager (Male) |
| 15:47 | Create | Villager (Male) |
| 16:00 | Build | Lumber Camp |
| 16:37 | Create | Villager (Male) |
| 16:43 | Create | Fishing Ship |
| 16:50 | Create | Unit 2626 |
| 16:52 | Create | Unit 2626 |
| 16:53 | Create | Villager (Male) |
| 17:25 | Research | Castle Age |
| 17:36 | Build | House |
| 17:37 | Build | House |
| 17:49 | Research | Tech 906 |
| 18:12 | Create | Villager (Male) |
| 18:20 | Build | Blacksmith |
| 18:38 | Build | Palisade Wall |
| 18:40 | Build | Palisade Gate |
| 19:01 | Build | Farm |
| 19:03 | Build | Farm |
| 19:07 | Research | Horse Collar |
| 19:23 | Create | Scout Cavalry |
| 19:50 | Age | Castle Age |
| 19:59 | Create | Villager (Male) |
| 20:07 | Build | Town Center |
| 20:18 | Build | Siege Workshop |
| 20:26 | Build | Monastery |
| 20:28 | Create | Villager (Male) |
| 20:33 | Create | Villager (Male) |
| 20:35 | Create | Knight |
| 20:36 | Create | Knight |
| 20:36 | Create | Knight |
| 20:54 | Create | Unit 2626 |
| 20:54 | Create | Unit 2626 |
| 20:55 | Create | Unit 2626 |
| 21:04 | Create | Villager (Male) |
| 21:14 | Create | Villager (Male) |
| 21:32 | Create | Villager (Male) |
| 21:32 | Create | Villager (Male) |
| 21:35 | Create | Monk |
| 21:44 | Create | Villager (Male) |
| 22:12 | Build | Stable |
| 22:16 | Create | Villager (Male) |
| 22:25 | Create | Villager (Male) |
| 22:53 | Create | Unit 2626 |
| 22:53 | Create | Unit 2626 |
| 23:24 | Create | Villager (Male) |
| 23:25 | Create | Villager (Male) |
| 23:43 | Create | Mangonel |
| 23:46 | Create | Knight |
| 23:58 | Build | House |
| 24:16 | Build | Farm |
| 24:17 | Build | Farm |
| 24:17 | Build | Farm |
| 24:17 | Build | Farm |
| 24:17 | Build | Farm |
| 24:18 | Build | Farm |
| 24:46 | Create | Mangonel |
| 24:52 | Create | Knight |
| 24:53 | Create | Knight |
| 25:45 | Create | Knight |
| 25:46 | Create | Knight |
| 25:46 | Create | Knight |
| 26:10 | Build | Farm |
| 26:11 | Build | Farm |
| 26:11 | Build | Farm |
| 26:11 | Build | Farm |
| 26:50 | Create | Villager (Male) |
| 26:51 | Create | Villager (Male) |
| 26:56 | Build | Mining Camp |
| 27:14 | Create | Knight |
| 27:15 | Create | Knight |
| 27:15 | Create | Knight |
| 27:40 | Build | Farm |
| 27:40 | Build | Farm |
| 27:41 | Build | Farm |
| 27:41 | Build | Farm |
| 27:43 | Build | Mill |
| 27:57 | Create | Villager (Male) |
| 27:57 | Create | Villager (Male) |
| 27:58 | Create | Villager (Male) |
| 28:13 | Build | House |
| 28:14 | Build | House |
| 28:21 | Create | Fire Galley |
| 28:57 | Create | Fire Galley |
| 28:57 | Create | Fire Galley |
| 29:24 | Create | Villager (Male) |
| 29:24 | Create | Villager (Male) |
| 29:38 | Create | Knight |
| 29:38 | Create | Knight |
| 29:38 | Create | Knight |
| 29:50 | Create | Knight |
| 29:58 | Create | Fire Galley |
| 30:17 | Create | Villager (Male) |
| 30:17 | Create | Villager (Male) |
| 30:34 | Create | Villager (Male) |
| 31:09 | Build | Town Center |
| 31:18 | Create | Villager (Male) |
| 31:19 | Create | Villager (Male) |
Match timeline
| 0:40 | +elko4+ -on the road to 0MMR · first_building Dock |
| 0:55 | bohsainn · first_building Dock |
| 1:29 | nazcas777 · first_building Dock |
| 6:12 | hungrybeastanimal · first_building Dock |
| 10:32 | nazcas777 · wall_segment Palisade Wall x1 |
| 10:35 | nazcas777 · wall_segment Palisade Wall x1 |
| 11:41 | nazcas777 · wall_segment Palisade Wall x8 |
| 11:55 | nazcas777 · wall_segment Palisade Wall x6 |
| 12:01 | nazcas777 · wall_segment Palisade Wall x3 |
| 12:42 | +elko4+ -on the road to 0MMR · first_building Barracks |
| 13:15 | nazcas777 · age_up feudal |
| 13:50 | hungrybeastanimal · age_up feudal |
| 14:05 | bohsainn · age_up feudal |
| 14:13 | +elko4+ -on the road to 0MMR · age_up feudal |
| 14:14 | nazcas777 · wall_segment Palisade Wall x10 |
| 14:26 | +elko4+ -on the road to 0MMR · first_building Stable |
| 14:59 | nazcas777 · wall_segment Palisade Wall x6 |
| 15:37 | bohsainn · first_building Barracks |
| 15:42 | nazcas777 · wall_segment Palisade Wall x9 |
| 17:06 | nazcas777 · first_building Barracks |
| 17:53 | nazcas777 · wall_segment Palisade Wall x9 |
| 18:38 | +elko4+ -on the road to 0MMR · wall_segment Palisade Wall x5 |
| 18:44 | bohsainn · first_building Archery Range |
| 18:52 | hungrybeastanimal · first_building Barracks |
| 19:18 | hungrybeastanimal · first_building Archery Range |
| 19:25 | nazcas777 · age_up castle |
| 19:50 | +elko4+ -on the road to 0MMR · age_up castle |
| 20:18 | +elko4+ -on the road to 0MMR · first_building Siege Workshop |
| 20:26 | +elko4+ -on the road to 0MMR · first_building Monastery |
| 20:53 | nazcas777 · first_building Castle |
| 21:19 | hungrybeastanimal · first_building Stable |
| 22:11 | nazcas777 · first_building Siege Workshop |
| 22:25 | hungrybeastanimal · age_up castle |
| 25:15 | bohsainn · age_up castle |
| 30:03 | bohsainn · wall_segment Palisade Wall x4 |
| 30:09 | hungrybeastanimal · first_building Siege Workshop |
| 33:09 | +elko4+ -on the road to 0MMR · first_building Archery Range |
| 34:49 | hungrybeastanimal · first_building Monastery |
| 35:29 | +elko4+ -on the road to 0MMR · first_building Castle |
| 40:48 | hungrybeastanimal · first_building Castle |
| 43:32 | bohsainn · first_building Castle |
| 45:04 | hungrybeastanimal · age_up imperial |
| 50:02 | bohsainn · age_up imperial |
| 53:34 | nazcas777 · first_building Stable |
| 54:48 | nazcas777 · first_building Archery Range |
| 55:59 | nazcas777 · age_up imperial |
| 57:02 | nazcas777 · first_building Monastery |
| 60:35 | bohsainn · first_building Siege Workshop |
| 61:25 | +elko4+ -on the road to 0MMR · age_up imperial |
| 89:20 | hungrybeastanimal · resign |
[ AI ANALYSIS · 1 CREDIT ]
What really happened in this match?
Wolo.gg analyzes every decision: build order, eco, micro, common mistakes by bracket. Personalized analysis on WhatsApp or Discord in 30 seconds.
Civ guide
Malians
Map guide
Nomad
Perfil
nazcas777